Kelowna Rockets vs Long Beach Ice Dogs
Created - Monday, March 13, 2023 at 09:23
Goals
|
| Kelowna Rockets |
0 |
1 |
1 |
2 |
| Long Beach Ice Dogs |
0 |
0 |
1 |
1 |
|
Shots
|
| Kelowna Rockets |
4 |
12 |
7 |
23 |
| Long Beach Ice Dogs |
18 |
9 |
8 |
35 |
|
1st period
No Goal
Penalties :
No Penalty
2nd period
1. Kelowna Rockets , Jasper Weatherby 1 (Ty Dellandrea 1, Max Lajoie 1) at 17:53
Penalties :
Mathieu Olivier (TRM) for Interference (Minor) at 1:05
3rd period
2. Long Beach Ice Dogs , Gabriel Vilardi 1 (Brendan Gallagher 1, Justin Schultz 1) at 0:12
3. Kelowna Rockets , Joel Kiviranta 1 (Matias Maccelli 1, Maxence Guenette 1) at 16:48
Penalties :
Max Lajoie (KEL) for Roughing (Minor) at 1:51
Goalie Stats
Eetu Makiniemi (KEL), 34 saves from 35 shots - (0.971), W, 1-0-0, 60:00 minutes
Spencer Martin (TRM), 21 saves from 23 shots - (0.913), L, 0-1-0, 59:01 minutes
Players Stats for Kelowna Rockets
Player Name G A P +/- PIM S H SB GA TA FO MP PP MP PK MP
------------------------------------------------------------------------------------
Alex Peters 0 0 0 0 0 0 2 0 0 1 0/0 17:09 0:00 0:39
Arnaud Durandeau 0 0 0 0 0 1 2 0 0 1 0/0 10:16 0:00 0:00
Cale Fleury 0 0 0 0 0 2 4 2 0 2 0/0 26:57 1:01 1:20
Givani Smith 0 0 0 0 0 1 1 0 0 0 0/0 13:04 0:00 0:00
Jack Drury 0 0 0 0 0 1 2 1 1 1 2/2 16:39 0:00 0:41
Jacob Perreault 0 0 0 0 0 2 4 0 2 0 0/0 13:31 0:00 0:00
Jasper Weatherby 1 0 1 0 0 3 3 0 0 0 1/1 18:58 1:01 0:57
Jesse Ylonen 0 0 0 0 0 0 4 0 0 0 0/0 17:22 1:01 0:26
Joel Kiviranta 1 0 1 1 0 1 3 0 1 0 0/0 16:58 0:48 0:00
Lauri Pajuniemi 0 0 0 0 0 0 1 0 1 0 0/0 10:16 0:00 0:00
Lucas Johansen 0 0 0 1 0 1 2 0 0 0 0/0 21:42 0:58 0:56
Matias Maccelli 0 1 1 1 0 2 2 1 0 1 1/1 18:14 0:48 0:49
Max Lajoie 0 1 1 0 2 1 3 1 0 0 0/0 24:07 1:01 0:00
Maxence Guenette 0 1 1 1 0 3 1 0 0 1 0/0 21:22 0:58 1:03
Nicholas Caamano 0 0 0 0 0 0 0 0 0 0 0/0 3:17 0:10 0:00
Oskar Steen 0 0 0 1 0 3 1 0 0 2 6/12 16:30 0:48 0:00
Roby Jarventie 0 0 0 0 0 0 0 0 0 0 0/1 8:37 0:10 0:00
Ty Dellandrea 0 1 1 0 0 2 5 2 1 0 9/18 23:01 1:11 1:05
Players Stats for Long Beach Ice Dogs
Player Name G A P +/- PIM S H SB GA TA FO MP PP MP PK MP
------------------------------------------------------------------------------------
Alex Galchenyuk 0 0 0 -2 0 1 1 0 0 0 0/0 17:47 0:49 0:27
Brendan Gallagher 0 1 1 1 0 5 1 0 1 0 0/0 18:45 0:57 1:07
Darren Helm 0 0 0 1 0 1 3 1 0 1 0/0 18:02 0:57 0:26
Gabriel Vilardi 1 0 1 1 0 9 2 0 2 0 8/18 22:13 0:57 1:07
Janis Moser 0 0 0 -2 0 2 1 0 2 0 0/0 18:51 1:13 0:59
Jansen Harkins 0 0 0 0 0 1 0 0 0 0 0/0 13:43 0:00 0:00
Jujhar Khaira 0 0 0 0 0 3 3 0 0 0 3/6 14:06 0:13 0:00
Justin Schultz 0 1 1 1 0 2 3 1 0 1 0/0 25:00 0:46 1:00
Logan Brown 0 0 0 0 0 2 1 0 0 0 0/1 9:52 0:00 0:25
Mark Pysyk 0 0 0 1 0 2 1 0 0 1 0/0 25:00 0:46 1:00
Mathieu Olivier 0 0 0 0 2 0 2 0 0 0 0/0 14:07 0:13 0:00
Olli Juolevi 0 0 0 0 0 1 0 1 0 1 0/0 15:49 0:00 0:00
Riley Stillman 0 0 0 -2 0 1 0 2 0 1 0/0 18:42 1:13 0:59
Shane Bowers 0 0 0 0 0 0 1 0 0 0 0/0 5:52 0:13 0:00
Trey Fix-Wolansky 0 0 0 0 0 1 1 0 1 0 0/0 9:27 0:00 0:00
Victor Rask 0 0 0 -2 0 3 0 0 0 0 5/9 17:36 0:49 0:26
William Lagesson 0 0 0 0 0 0 0 0 0 1 0/0 15:58 0:00 0:00
Zack Kassian 0 0 0 -2 0 1 2 0 3 0 0/1 17:10 0:49 0:00
3 Stars
1 - Eetu Makiniemi (KEL)
2 - Joel Kiviranta (KEL)
3 - Jasper Weatherby (KEL)
Power Play
Kelowna Rockets - 0 on 1 Attempt(s) - 0.00%
Long Beach Ice Dogs - 0 on 1 Attempt(s) - 0.00%
Penalty Kill
Kelowna Rockets - 1 on 1 Attempt(s) - 100.00%
- Score 0 goal in Penalty Kill
Long Beach Ice Dogs - 1 on 1 Attempt(s) - 100.00%
- Score 0 goal in Penalty Kill
Team Stat
Kelowna Rockets - Hits : 40 - Faceoff Wins : 19 - Blocked Shots : 7 - Penalty Minutes : 2
Long Beach Ice Dogs - Hits : 22 - Faceoff Wins : 16 - Blocked Shots : 5 - Penalty Minutes : 2
Official
Referees : Chris Lee and Gord Dwyer
Linesman : Ryan Galloway and John Grandt
Game Notes
No Game Note
Kelowna Rockets
5 vs 5 Forward
Center Left Wing Right Wing Time % Phy DF OF
1 Ty Dellandrea Jasper Weatherby Jesse Ylonen 40 1 2 2
2 Oskar Steen Matias Maccelli Joel Kiviranta 30 1 2 2
3 Jack Drury Givani Smith Jacob Perreault 20 1 2 2
4 Ty Dellandrea Arnaud Durandeau Lauri Pajuniemi 10 1 2 2
5 vs 5 Defense
Defense Defense Time % Phy DF OF
1 Cale Fleury Max Lajoie 40 1 2 2
2 Lucas Johansen Maxence Guenette 30 1 2 2
3 Alex Peters Cale Fleury 20 1 2 2
4 Max Lajoie Lucas Johansen 10 1 2 2
PowerPlay Forward
Center Left Wing Right Wing Time % Phy DF OF
1 Ty Dellandrea Jasper Weatherby Jesse Ylonen 60 1 2 2
2 Oskar Steen Matias Maccelli Joel Kiviranta 40 1 2 2
PowerPlay Defense
Defense Defense Time % Phy DF OF
1 Cale Fleury Max Lajoie 60 1 2 2
2 Lucas Johansen Maxence Guenette 40 1 2 2
Penalty Kill 4 Players Forward
Center Wing Time % Phy DF OF
1 Ty Dellandrea Jasper Weatherby 60 1 2 2
2 Jesse Ylonen Matias Maccelli 40 1 2 2
Penalty Kill 4 Players Defense
Defense Defense Time % Phy DF OF
1 Cale Fleury Max Lajoie 60 1 2 2
2 Lucas Johansen Maxence Guenette 40 1 2 2
Penalty Kill - 3 Players Forward
Forward Time % Phy DF OF
1 Ty Dellandrea 60 1 2 2
2 Jasper Weatherby 40 1 2 2
Penalty Kill - 3 Players Defense
Defense Defense Time % Phy DF OF
1 Cale Fleury Max Lajoie 60 1 2 2
2 Lucas Johansen Maxence Guenette 40 1 2 2
4 vs 4 Forward
Center Wing Time % Phy DF OF
1 Ty Dellandrea Jasper Weatherby 60 1 2 2
2 Jesse Ylonen Matias Maccelli 40 1 2 2
4 vs 4 Defense
Defense Defense Time % Phy DF OF
1 Cale Fleury Max Lajoie 60 1 2 2
2 Lucas Johansen Maxence Guenette 40 1 2 2
Last Minutes Offensive
Center Left Wing Right Wing Defense Defense
Ty Dellandrea Jasper Weatherby Jesse Ylonen Cale Fleury Max Lajoie
Last Minutes Defensive
Center Left Wing Right Wing Defense Defense
Ty Dellandrea Jasper Weatherby Jesse Ylonen Cale Fleury Max Lajoie
Goaltenders
Starting : Eetu Makiniemi
Backup : Adam Scheel
Extra Forwards
Normal : Roby Jarventie, Nicholas Caamano, Jack Drury - PP : Roby Jarventie, Nicholas Caamano - PK : Jack Drury
Extra Defensemen
Normal : Alex Peters, Maxence Guenette, Cale Fleury - PP : Alex Peters - PK : Maxence Guenette, Cale Fleury
Penalty Shots
Ty Dellandrea, Jasper Weatherby, Jesse Ylonen, Matias Maccelli, Oskar Steen
Long Beach Ice Dogs
5 vs 5 Forward
Center Left Wing Right Wing Time % Phy DF OF
1 Gabriel Vilardi Darren Helm Brendan Gallagher 40 1 2 2
2 Victor Rask Alex Galchenyuk Zack Kassian 30 1 2 2
3 Jujhar Khaira Jansen Harkins Mathieu Olivier 20 1 2 2
4 Logan Brown Gabriel Vilardi Trey Fix-Wolansky 10 1 2 2
5 vs 5 Defense
Defense Defense Time % Phy DF OF
1 Mark Pysyk Justin Schultz 40 1 2 2
2 Janis Moser Riley Stillman 30 1 2 2
3 William Lagesson Olli Juolevi 20 1 2 2
4 Mark Pysyk Justin Schultz 10 1 2 2
PowerPlay Forward
Center Left Wing Right Wing Time % Phy DF OF
1 Gabriel Vilardi Darren Helm Brendan Gallagher 60 1 2 2
2 Victor Rask Alex Galchenyuk Zack Kassian 40 1 2 2
PowerPlay Defense
Defense Defense Time % Phy DF OF
1 Mark Pysyk Justin Schultz 60 1 2 2
2 Janis Moser Riley Stillman 40 1 2 2
Penalty Kill 4 Players Forward
Center Wing Time % Phy DF OF
1 Gabriel Vilardi Brendan Gallagher 60 1 2 2
2 Darren Helm Victor Rask 40 1 2 2
Penalty Kill 4 Players Defense
Defense Defense Time % Phy DF OF
1 Mark Pysyk Justin Schultz 60 1 2 2
2 Janis Moser Riley Stillman 40 1 2 2
Penalty Kill - 3 Players Forward
Forward Time % Phy DF OF
1 Gabriel Vilardi 60 1 2 2
2 Brendan Gallagher 40 1 2 2
Penalty Kill - 3 Players Defense
Defense Defense Time % Phy DF OF
1 Mark Pysyk Justin Schultz 60 1 2 2
2 Janis Moser Riley Stillman 40 1 2 2
4 vs 4 Forward
Center Wing Time % Phy DF OF
1 Gabriel Vilardi Brendan Gallagher 60 1 2 2
2 Darren Helm Victor Rask 40 1 2 2
4 vs 4 Defense
Defense Defense Time % Phy DF OF
1 Mark Pysyk Justin Schultz 60 1 2 2
2 Janis Moser Riley Stillman 40 1 2 2
Last Minutes Offensive
Center Left Wing Right Wing Defense Defense
Gabriel Vilardi Darren Helm Brendan Gallagher Mark Pysyk Justin Schultz
Last Minutes Defensive
Center Left Wing Right Wing Defense Defense
Gabriel Vilardi Darren Helm Brendan Gallagher Mark Pysyk Justin Schultz
Goaltenders
Starting : Spencer Martin
Backup : Lukas Dostal
Extra Forwards
Normal : Shane Bowers, Jujhar Khaira, Logan Brown - PP : Shane Bowers, Jujhar Khaira - PK : Logan Brown
Extra Defensemen
Normal : William Lagesson, Olli Juolevi, Janis Moser - PP : William Lagesson - PK : Olli Juolevi, Janis Moser
Penalty Shots
Gabriel Vilardi, Brendan Gallagher, Darren Helm, Victor Rask, Alex Galchenyuk
% Time on Ice - Kelowna Rockets
Lines # - Real PCT - Wanted PCT - Time Play
Normal Forward
1 - 29% - 40% - 15:46
2 - 29% - 30% - 15:42
3 - 24% - 20% - 13:04
4 - 19% - 10% - 10:16
Normal Defense
1 - 38% - 40% - 20:46
2 - 30% - 30% - 16:39
3 - 20% - 20% - 10:44
4 - 12% - 10% - 6:39
PP Forward
1 - 60% - 60% - 1:11
2 - 40% - 40% - 0:48
PP Defense
1 - 51% - 60% - 1:01
2 - 49% - 40% - 0:58
PK Forward
1 - 78% - 60% - 1:33
2 - 22% - 40% - 0:26
PK Defense
1 - 82% - 60% - 1:37
2 - 18% - 40% - 0:22
PK3 Forward
1 - 0% - 60%
2 - 0% - 40%
PK3 Defense
1 - 0% - 60%
2 - 0% - 40%
44 Forward
1 - 0% - 60%
2 - 0% - 40%
44 Defense
1 - 0% - 60%
2 - 0% - 40%
Last Minute Offensive - 0:00
Last Minute Defensive - 1:14
Total
Forward - 60:00
Defense - 60:00
|
% Time on Ice - Long Beach Ice Dogs
Lines # - Real PCT - Wanted PCT - Time Play
Normal Forward
1 - 28% - 40% - 15:17
2 - 30% - 30% - 16:21
3 - 25% - 20% - 13:43
4 - 17% - 10% - 9:27
Normal Defense
1 - 35% - 40% - 19:12
2 - 31% - 30% - 17:05
3 - 28% - 20% - 15:19
4 - 6% - 10% - 3:12
PP Forward
1 - 59% - 60% - 1:10
2 - 41% - 40% - 0:49
PP Defense
1 - 39% - 60% - 0:46
2 - 61% - 40% - 1:13
PK Forward
1 - 78% - 60% - 1:33
2 - 22% - 40% - 0:26
PK Defense
1 - 50% - 60% - 1:00
2 - 50% - 40% - 0:59
PK3 Forward
1 - 0% - 60%
2 - 0% - 40%
PK3 Defense
1 - 0% - 60%
2 - 0% - 40%
44 Forward
1 - 0% - 60%
2 - 0% - 40%
44 Defense
1 - 0% - 60%
2 - 0% - 40%
Last Minute Offensive - 1:14
Last Minute Defensive - 0:00
Total
Forward - 60:00
Defense - 60:00
|
Play-by-Play
1st period
0:01 of 1st period - Gabriel Vilardi wins face-off versus Ty Dellandrea in neutral zone.
0:10 of 1st period - Wrist shot by Gabriel Vilardi.
0:10 of 1st period - Stopped by Eetu Makiniemi with a rebound.
0:37 of 1st period - Snap shot by Victor Rask.
0:37 of 1st period - Stopped by Eetu Makiniemi with a rebound.
0:39 of 1st period - Snap shot by Victor Rask.
0:39 of 1st period - Stopped by Eetu Makiniemi with a rebound.
0:49 of 1st period - Mathieu Olivier is hit by Jacob Perreault.
1:32 of 1st period - Alex Peters is hit by Gabriel Vilardi and loses puck.
1:39 of 1st period - Gabriel Vilardi is hit by Alex Peters and loses puck.
2:09 of 1st period - Snap shot by Gabriel Vilardi.
2:09 of 1st period - Stopped by Eetu Makiniemi with a rebound.
2:11 of 1st period - Slapshot by Janis Moser.
2:11 of 1st period - Stopped by Eetu Makiniemi with a rebound.
2:13 of 1st period - Slapshot by Janis Moser.
2:13 of 1st period - Shot Misses the Net.
2:15 of 1st period - Wrist shot by Gabriel Vilardi.
2:15 of 1st period - Stopped by Eetu Makiniemi with a rebound.
2:17 of 1st period - Backhand shot by Trey Fix-Wolansky.
2:17 of 1st period - Shot Misses the Net.
2:39 of 1st period - Snap shot by Ty Dellandrea.
2:39 of 1st period - Shot Misses the Net.
2:41 of 1st period - Slapshot by Cale Fleury.
2:41 of 1st period - Stopped by Spencer Martin with a rebound.
2:51 of 1st period - Snap shot by Ty Dellandrea.
2:51 of 1st period - Shot Blocked by Justin Schultz.
2:53 of 1st period - Wrist shot by Lauri Pajuniemi.
2:53 of 1st period - Deflect By Arnaud Durandeau.
2:53 of 1st period - Stopped by Spencer Martin with a rebound.
2:55 of 1st period - Slapshot by Cale Fleury.
2:55 of 1st period - Stopped by Spencer Martin with a rebound.
2:57 of 1st period - Slapshot by Max Lajoie.
2:57 of 1st period - Shot Misses the Net.
3:45 of 1st period - Snap shot by Logan Brown.
3:45 of 1st period - Stopped by Eetu Makiniemi without a rebound.
3:46 of 1st period - Oskar Steen wins face-off versus Victor Rask in Kelowna Rockets zone.
4:19 of 1st period - Off-side.
4:20 of 1st period - Jujhar Khaira wins face-off versus Oskar Steen in neutral zone.
4:23 of 1st period - Oskar Steen is hit by Jujhar Khaira and loses puck.
5:26 of 1st period - Janis Moser is hit by Jasper Weatherby and loses puck.
6:23 of 1st period - Icing by Matias Maccelli.
6:24 of 1st period - Oskar Steen wins face-off versus Victor Rask in Kelowna Rockets zone.
6:46 of 1st period - Snap shot by Brendan Gallagher.
6:46 of 1st period - Shot Blocked by Jack Drury.
6:48 of 1st period - Slapshot by Darren Helm.
6:48 of 1st period - Deflect By Brendan Gallagher.
6:48 of 1st period - Stopped by Eetu Makiniemi with a rebound.
6:50 of 1st period - Snap shot by Darren Helm.
6:50 of 1st period - Shot Misses the Net.
6:52 of 1st period - Snap shot by Brendan Gallagher.
6:52 of 1st period - Stopped by Eetu Makiniemi with a rebound.
6:54 of 1st period - Snap shot by Darren Helm.
6:54 of 1st period - Stopped by Eetu Makiniemi with a rebound.
6:56 of 1st period - Snap shot by Olli Juolevi.
6:56 of 1st period - Stopped by Eetu Makiniemi without a rebound.
6:57 of 1st period - Jujhar Khaira wins face-off versus Oskar Steen in Kelowna Rockets zone.
7:02 of 1st period - Slapshot by Jansen Harkins.
7:02 of 1st period - Shot Blocked by Matias Maccelli.
7:04 of 1st period - Snap shot by Jujhar Khaira.
7:04 of 1st period - Stopped by Eetu Makiniemi with a rebound.
7:06 of 1st period - Wrist shot by Jansen Harkins.
7:06 of 1st period - Shot Misses the Net.
7:08 of 1st period - Snap shot by Jansen Harkins.
7:08 of 1st period - Stopped by Eetu Makiniemi with a rebound.
7:10 of 1st period - Wrist shot by Jujhar Khaira.
7:10 of 1st period - Shot Misses the Net.
7:12 of 1st period - Wrist shot by Mathieu Olivier.
7:12 of 1st period - Shot Misses the Net.
7:44 of 1st period - Slapshot by Jack Drury.
7:44 of 1st period - Shot Blocked by Riley Stillman.
9:32 of 1st period - Alex Galchenyuk is hit by Cale Fleury.
9:36 of 1st period - William Lagesson is hit by Arnaud Durandeau and loses puck.
10:01 of 1st period - Darren Helm is hit by Jasper Weatherby.
11:02 of 1st period - Shane Bowers is hit by Max Lajoie.
11:23 of 1st period - Olli Juolevi is hit by Joel Kiviranta and loses puck.
11:39 of 1st period - Backhand shot by Gabriel Vilardi.
11:39 of 1st period - Stopped by Eetu Makiniemi with a rebound.
12:13 of 1st period - Riley Stillman is hit by Jack Drury and loses puck.
13:14 of 1st period - Snap shot by Alex Galchenyuk.
13:14 of 1st period - Stopped by Eetu Makiniemi with a rebound.
13:42 of 1st period - William Lagesson is hit by Jacob Perreault and loses puck.
13:59 of 1st period - Cale Fleury is hit by Alex Galchenyuk and loses puck.
14:10 of 1st period - Oskar Steen is hit by Darren Helm and loses puck.
14:49 of 1st period - Max Lajoie is hit by Jujhar Khaira and loses puck.
15:30 of 1st period - Matias Maccelli is hit by Gabriel Vilardi and loses puck.
15:45 of 1st period - Ty Dellandrea is hit by Mathieu Olivier and loses puck.
16:00 of 1st period - Maxence Guenette is hit by Mark Pysyk and loses puck.
16:23 of 1st period - Wrist shot by Arnaud Durandeau.
16:23 of 1st period - Shot Misses the Net.
16:27 of 1st period - Wrist shot by Arnaud Durandeau.
16:27 of 1st period - Shot Blocked by Olli Juolevi.
16:29 of 1st period - Wrist shot by Lauri Pajuniemi.
16:29 of 1st period - Shot Misses the Net.
16:31 of 1st period - Slapshot by Maxence Guenette.
16:31 of 1st period - Stopped by Spencer Martin with a rebound.
17:12 of 1st period - Janis Moser is hit by Matias Maccelli and loses puck.
17:29 of 1st period - Joel Kiviranta is hit by Logan Brown and loses puck.
17:52 of 1st period - Snap shot by Zack Kassian.
17:52 of 1st period - Stopped by Eetu Makiniemi with a rebound.
17:54 of 1st period - Slapshot by Alex Galchenyuk.
17:54 of 1st period - Shot Misses the Net.
17:56 of 1st period - Snap shot by Justin Schultz.
17:56 of 1st period - Stopped by Eetu Makiniemi without a rebound.
17:57 of 1st period - Victor Rask wins face-off versus Oskar Steen in Kelowna Rockets zone.
18:29 of 1st period - Givani Smith is hit by Mathieu Olivier and loses puck.
18:56 of 1st period - Victor Rask is hit by Ty Dellandrea and loses puck.
19:07 of 1st period - Zack Kassian is hit by Oskar Steen and loses puck.
19:18 of 1st period - Snap shot by Gabriel Vilardi.
19:18 of 1st period - Deflect By Trey Fix-Wolansky.
19:18 of 1st period - Stopped by Eetu Makiniemi with a rebound.
19:26 of 1st period - Snap shot by Logan Brown.
19:26 of 1st period - Shot Misses the Net.
19:32 of 1st period - William Lagesson is hit by Lauri Pajuniemi and loses puck.
19:43 of 1st period - Olli Juolevi is hit by Jacob Perreault and loses puck.
Goals for this period are 0 for Kelowna Rockets vs 0 for Long Beach Ice Dogs.
Shots for this period are 4 for Kelowna Rockets vs 18 for Long Beach Ice Dogs.
2nd period
0:01 of 2nd period - Gabriel Vilardi wins face-off versus Ty Dellandrea in neutral zone.
0:12 of 2nd period - Snap shot by Gabriel Vilardi.
0:12 of 2nd period - Stopped by Eetu Makiniemi with a rebound.
0:14 of 2nd period - Slapshot by Gabriel Vilardi.
0:14 of 2nd period - Deflect By Brendan Gallagher.
0:14 of 2nd period - Shot Misses the Net.
0:14 of 2nd period - Puck is out of play.
0:15 of 2nd period - Jasper Weatherby wins face-off versus Gabriel Vilardi in Kelowna Rockets zone.
0:32 of 2nd period - Brendan Gallagher is hit by Jesse Ylonen and loses puck.
1:05 of 2nd period - Minor Penalty to Mathieu Olivier for Interference.
1:06 of 2nd period - Ty Dellandrea wins face-off versus Gabriel Vilardi in Long Beach Ice Dogs zone.
1:08 of 2nd period - Snap shot by Ty Dellandrea.
1:08 of 2nd period - Stopped by Spencer Martin without a rebound.
1:09 of 2nd period - Ty Dellandrea wins face-off versus Gabriel Vilardi in Long Beach Ice Dogs zone.
1:12 of 2nd period - Snap shot by Jasper Weatherby.
1:12 of 2nd period - Stopped by Spencer Martin without a rebound.
1:13 of 2nd period - Gabriel Vilardi wins face-off versus Ty Dellandrea in Long Beach Ice Dogs zone.
1:46 of 2nd period - Slapshot by Oskar Steen.
1:46 of 2nd period - Shot Misses the Net.
3:05 of 2nd period - Penalty to Mathieu Olivier is over, Mathieu Olivier is back on ice.
4:09 of 2nd period - Wrist shot by Oskar Steen.
4:09 of 2nd period - Deflect By Zack Kassian.
4:09 of 2nd period - Stopped by Spencer Martin with a rebound.
4:11 of 2nd period - Slapshot by Oskar Steen.
4:11 of 2nd period - Stopped by Spencer Martin with a rebound.
4:53 of 2nd period - Lucas Johansen is hit by Trey Fix-Wolansky and loses puck.
6:10 of 2nd period - Lauri Pajuniemi is hit by Justin Schultz and loses puck.
6:15 of 2nd period - Snap shot by Justin Schultz.
6:15 of 2nd period - Shot Blocked by Ty Dellandrea.
6:17 of 2nd period - Wrist shot by Mark Pysyk.
6:17 of 2nd period - Shot Misses the Net.
9:12 of 2nd period - Snap shot by Jasper Weatherby.
9:12 of 2nd period - Stopped by Spencer Martin with a rebound.
9:14 of 2nd period - Slapshot by Maxence Guenette.
9:14 of 2nd period - Stopped by Spencer Martin with a rebound.
9:16 of 2nd period - Backhand shot by Lucas Johansen.
9:16 of 2nd period - Deflect By Gabriel Vilardi.
9:16 of 2nd period - Stopped by Spencer Martin with a rebound.
9:18 of 2nd period - Slapshot by Maxence Guenette.
9:18 of 2nd period - Shot Misses the Net.
9:20 of 2nd period - Snap shot by Roby Jarventie.
9:20 of 2nd period - Shot Blocked by Darren Helm.
9:22 of 2nd period - Snap shot by Roby Jarventie.
9:22 of 2nd period - Shot Misses the Net.
9:24 of 2nd period - Backhand shot by Alex Peters.
9:24 of 2nd period - Shot Misses the Net.
9:26 of 2nd period - Snap shot by Roby Jarventie.
9:26 of 2nd period - Deflect By Jasper Weatherby.
9:26 of 2nd period - Shot Misses the Net.
9:26 of 2nd period - Puck is out of play.
9:27 of 2nd period - Victor Rask wins face-off versus Oskar Steen in Long Beach Ice Dogs zone.
9:32 of 2nd period - Victor Rask is hit by Cale Fleury and loses puck.
10:01 of 2nd period - William Lagesson is hit by Givani Smith and loses puck.
11:10 of 2nd period - Wrist shot by Brendan Gallagher.
11:10 of 2nd period - Stopped by Eetu Makiniemi with a rebound.
11:12 of 2nd period - Wrist shot by Mark Pysyk.
11:12 of 2nd period - Stopped by Eetu Makiniemi without a rebound.
11:13 of 2nd period - Ty Dellandrea wins face-off versus Gabriel Vilardi in Kelowna Rockets zone.
11:18 of 2nd period - Snap shot by Ty Dellandrea.
11:18 of 2nd period - Deflect By Mark Pysyk.
11:18 of 2nd period - Shot Misses the Net.
11:18 of 2nd period - Puck is out of play.
11:19 of 2nd period - Gabriel Vilardi wins face-off versus Ty Dellandrea in Long Beach Ice Dogs zone.
11:32 of 2nd period - Snap shot by Gabriel Vilardi.
11:32 of 2nd period - Stopped by Eetu Makiniemi with a rebound.
12:28 of 2nd period - Slapshot by Ty Dellandrea.
12:28 of 2nd period - Stopped by Spencer Martin with a rebound.
13:01 of 2nd period - Snap shot by Gabriel Vilardi.
13:01 of 2nd period - Stopped by Eetu Makiniemi with a rebound.
14:47 of 2nd period - Jujhar Khaira is hit by Alex Peters and loses puck.
15:26 of 2nd period - Jasper Weatherby is hit by Janis Moser and loses puck.
15:33 of 2nd period - Snap shot by Logan Brown.
15:33 of 2nd period - Stopped by Eetu Makiniemi without a rebound.
15:34 of 2nd period - Victor Rask wins face-off versus Oskar Steen in Kelowna Rockets zone.
16:17 of 2nd period - Snap shot by Jansen Harkins.
16:17 of 2nd period - Shot Blocked by Max Lajoie.
16:19 of 2nd period - Wrist shot by Jujhar Khaira.
16:19 of 2nd period - Stopped by Eetu Makiniemi with a rebound.
16:21 of 2nd period - Backhand shot by Riley Stillman.
16:21 of 2nd period - Stopped by Eetu Makiniemi with a rebound.
16:23 of 2nd period - Wrist shot by Mathieu Olivier.
16:23 of 2nd period - Shot Misses the Net.
16:25 of 2nd period - Wrist shot by Janis Moser.
16:25 of 2nd period - Deflect By Jujhar Khaira.
16:25 of 2nd period - Stopped by Eetu Makiniemi without a rebound.
16:26 of 2nd period - Ty Dellandrea wins face-off versus Victor Rask in Kelowna Rockets zone.
17:18 of 2nd period - Lucas Johansen is hit by Darren Helm and loses puck.
17:36 of 2nd period - Snap shot by Jacob Perreault.
17:36 of 2nd period - Stopped by Spencer Martin without a rebound.
17:37 of 2nd period - Jack Drury wins face-off versus Zack Kassian in Long Beach Ice Dogs zone.
17:42 of 2nd period - Wrist shot by Givani Smith.
17:42 of 2nd period - Stopped by Spencer Martin with a rebound.
17:44 of 2nd period - Snap shot by Maxence Guenette.
17:44 of 2nd period - Stopped by Spencer Martin without a rebound.
17:45 of 2nd period - Victor Rask wins face-off versus Ty Dellandrea in Long Beach Ice Dogs zone.
17:53 of 2nd period - Backhand shot by Jasper Weatherby.
17:53 of 2nd period - Goal by Jasper Weatherby - Kelowna Rockets : 1 - Long Beach Ice Dogs : 0.
17:54 of 2nd period - Ty Dellandrea wins face-off versus Gabriel Vilardi in neutral zone.
17:57 of 2nd period - Darren Helm is hit by Jesse Ylonen and loses puck.
19:11 of 2nd period - Jasper Weatherby is hit by Justin Schultz and loses puck.
19:30 of 2nd period - Joel Kiviranta is hit by Justin Schultz and loses puck.
19:35 of 2nd period - Slapshot by Justin Schultz.
19:35 of 2nd period - Shot Misses the Net.
Goals for this period are 1 for Kelowna Rockets vs 0 for Long Beach Ice Dogs.
Shots for this period are 12 for Kelowna Rockets vs 9 for Long Beach Ice Dogs.
3rd period
0:01 of 3rd period - Gabriel Vilardi wins face-off versus Ty Dellandrea in neutral zone.
0:12 of 3rd period - Snap shot by Brendan Gallagher.
0:12 of 3rd period - Deflect By Gabriel Vilardi.
0:12 of 3rd period - Goal by Gabriel Vilardi - Kelowna Rockets : 1 - Long Beach Ice Dogs : 1.
0:13 of 3rd period - Ty Dellandrea wins face-off versus Gabriel Vilardi in neutral zone.
0:27 of 3rd period - Gabriel Vilardi is hit by Ty Dellandrea.
0:44 of 3rd period - Off-side.
0:45 of 3rd period - Oskar Steen wins face-off versus Jujhar Khaira in neutral zone.
0:47 of 3rd period - Off-side.
0:48 of 3rd period - Oskar Steen wins face-off versus Gabriel Vilardi in neutral zone.
1:00 of 3rd period - Snap shot by Gabriel Vilardi.
1:00 of 3rd period - Shot Misses the Net.
1:51 of 3rd period - Minor Penalty to Max Lajoie for Roughing.
1:52 of 3rd period - Ty Dellandrea wins face-off versus Gabriel Vilardi in Kelowna Rockets zone.
3:51 of 3rd period - Penalty to Max Lajoie is over, Max Lajoie is back on ice.
3:56 of 3rd period - Jack Drury is hit by Jujhar Khaira and loses puck.
4:16 of 3rd period - Off-side.
4:17 of 3rd period - Jujhar Khaira wins face-off versus Roby Jarventie in neutral zone.
4:37 of 3rd period - Alex Galchenyuk is hit by Max Lajoie and loses puck.
4:42 of 3rd period - Snap shot by Matias Maccelli.
4:42 of 3rd period - Stopped by Spencer Martin with a rebound.
4:44 of 3rd period - Snap shot by Oskar Steen.
4:44 of 3rd period - Stopped by Spencer Martin without a rebound.
4:45 of 3rd period - Gabriel Vilardi wins face-off versus Ty Dellandrea in Long Beach Ice Dogs zone.
5:11 of 3rd period - Alex Galchenyuk is hit by Lucas Johansen and loses puck.
5:41 of 3rd period - Mathieu Olivier is hit by Cale Fleury and loses puck.
5:52 of 3rd period - Wrist shot by Jack Drury.
5:52 of 3rd period - Stopped by Spencer Martin without a rebound.
5:53 of 3rd period - Jack Drury wins face-off versus Logan Brown in Long Beach Ice Dogs zone.
5:58 of 3rd period - Snap shot by Jack Drury.
5:58 of 3rd period - Deflect By Jacob Perreault.
5:58 of 3rd period - Stopped by Spencer Martin with a rebound.
6:23 of 3rd period - Snap shot by Jasper Weatherby.
6:23 of 3rd period - Shot Misses the Net.
6:39 of 3rd period - Icing by Alex Galchenyuk.
6:40 of 3rd period - Ty Dellandrea wins face-off versus Victor Rask in Long Beach Ice Dogs zone.
6:53 of 3rd period - Victor Rask is hit by Maxence Guenette and loses puck.
7:06 of 3rd period - Slapshot by Janis Moser.
7:06 of 3rd period - Stopped by Eetu Makiniemi with a rebound.
7:43 of 3rd period - Lauri Pajuniemi is hit by Zack Kassian and loses puck.
8:02 of 3rd period - Brendan Gallagher is hit by Joel Kiviranta and loses puck.
8:15 of 3rd period - Riley Stillman is hit by Jasper Weatherby and loses puck.
8:34 of 3rd period - Jujhar Khaira is hit by Jack Drury and loses puck.
8:49 of 3rd period - Gabriel Vilardi is hit by Lucas Johansen and loses puck.
9:18 of 3rd period - Slapshot by Max Lajoie.
9:18 of 3rd period - Stopped by Spencer Martin with a rebound.
9:48 of 3rd period - William Lagesson is hit by Jesse Ylonen and loses puck.
9:59 of 3rd period - Gabriel Vilardi is hit by Joel Kiviranta and loses puck.
11:08 of 3rd period - Olli Juolevi is hit by Matias Maccelli and loses puck.
11:23 of 3rd period - Jujhar Khaira is hit by Cale Fleury and loses puck.
11:50 of 3rd period - Zack Kassian is hit by Arnaud Durandeau.
12:06 of 3rd period - Logan Brown is hit by Jacob Perreault and loses puck.
12:31 of 3rd period - Mathieu Olivier is hit by Max Lajoie and loses puck.
12:58 of 3rd period - Joel Kiviranta is hit by Zack Kassian.
13:08 of 3rd period - Jack Drury is hit by Brendan Gallagher.
13:23 of 3rd period - Justin Schultz is hit by Ty Dellandrea and loses puck.
14:24 of 3rd period - Lauri Pajuniemi is hit by Shane Bowers and loses puck.
14:35 of 3rd period - Jansen Harkins is hit by Jesse Ylonen and loses puck.
14:53 of 3rd period - Icing by Brendan Gallagher.
14:54 of 3rd period - Oskar Steen wins face-off versus Gabriel Vilardi in Long Beach Ice Dogs zone.
15:01 of 3rd period - Oskar Steen is hit by Darren Helm.
15:11 of 3rd period - Mark Pysyk is hit by Ty Dellandrea.
15:41 of 3rd period - Snap shot by Jacob Perreault.
15:41 of 3rd period - Deflect By Jujhar Khaira.
15:41 of 3rd period - Shot Blocked by Riley Stillman.
15:41 of 3rd period - Puck is out of play.
15:42 of 3rd period - Oskar Steen wins face-off versus Jujhar Khaira in Long Beach Ice Dogs zone.
15:43 of 3rd period - Snap shot by Matias Maccelli.
15:43 of 3rd period - Stopped by Spencer Martin without a rebound.
15:44 of 3rd period - Matias Maccelli wins face-off versus Jujhar Khaira in Long Beach Ice Dogs zone.
16:36 of 3rd period - Wrist shot by Givani Smith.
16:36 of 3rd period - Deflect By Jacob Perreault.
16:36 of 3rd period - Shot Misses the Net.
16:36 of 3rd period - Puck is out of play.
16:37 of 3rd period - Victor Rask wins face-off versus Oskar Steen in Long Beach Ice Dogs zone.
16:48 of 3rd period - Snap shot by Joel Kiviranta.
16:48 of 3rd period - Goal by Joel Kiviranta - Kelowna Rockets : 2 - Long Beach Ice Dogs : 1.
16:49 of 3rd period - Ty Dellandrea wins face-off versus Gabriel Vilardi in neutral zone.
16:52 of 3rd period - Snap shot by Jasper Weatherby.
16:52 of 3rd period - Shot Misses the Net.
17:19 of 3rd period - Wrist shot by Victor Rask.
17:19 of 3rd period - Stopped by Eetu Makiniemi with a rebound.
18:49 of 3rd period - Gabriel Vilardi is hit by Ty Dellandrea.
18:53 of 3rd period - Wrist shot by Brendan Gallagher.
18:53 of 3rd period - Stopped by Eetu Makiniemi with a rebound.
19:01 of 3rd period - Long Beach Ice Dogs, Spencer Martin is pulled from the net.
19:11 of 3rd period - Snap shot by Gabriel Vilardi.
19:11 of 3rd period - Shot Blocked by Cale Fleury.
19:17 of 3rd period - Slapshot by Justin Schultz.
19:17 of 3rd period - Stopped by Eetu Makiniemi without a rebound.
19:18 of 3rd period - Jay Woodcroft call a timeout for Long Beach Ice Dogs.
19:18 of 3rd period - Gabriel Vilardi wins face-off versus Ty Dellandrea in Kelowna Rockets zone.
19:35 of 3rd period - Wrist shot by Brendan Gallagher.
19:35 of 3rd period - Stopped by Eetu Makiniemi with a rebound.
19:37 of 3rd period - Snap shot by Mark Pysyk.
19:37 of 3rd period - Stopped by Eetu Makiniemi with a rebound.
19:39 of 3rd period - Snap shot by Gabriel Vilardi.
19:39 of 3rd period - Stopped by Eetu Makiniemi without a rebound.
19:40 of 3rd period - Gabriel Vilardi wins face-off versus Ty Dellandrea in Kelowna Rockets zone.
19:55 of 3rd period - Wrist shot by Brendan Gallagher.
19:55 of 3rd period - Shot Blocked by Ty Dellandrea.
19:57 of 3rd period - Wrist shot by Brendan Gallagher.
19:57 of 3rd period - Shot Misses the Net.
19:59 of 3rd period - Wrist shot by Darren Helm.
19:59 of 3rd period - Shot Blocked by Cale Fleury.
Goals for this period are 1 for Kelowna Rockets vs 1 for Long Beach Ice Dogs.
Shots for this period are 7 for Kelowna Rockets vs 8 for Long Beach Ice Dogs.
Back to the Top